 Dungeon Crawl Stone Soup version 0.29-a0-506-ga2e7fffb44 (webtiles) character file.

Game seed: 5494918835565609764

5 Zdeegee the Digger (level 1, 0/11 HPs)
             Began as an Octopode Earth Elementalist on May 28, 2022.
             Slain by a kobold
             ... wielding a +0 club
              (5 damage)
             ... on level 1 of the Dungeon.
             The game lasted 00:00:47 (135 turns).

Zdeegee the Digger (Octopode Earth Elementalist)     Turns: 135, Time: 00:00:47

Health: 0/11       AC:  1    Str:  7    XL:     1   Next: 80%
Magic:  3/3        EV: 13    Int: 17    God:
Gold:   0          SH:  0    Dex: 12    Spells: 3/4 levels left

rFire   . . .      SeeInvis .   c - +0 dagger
rCold   . . .      Faith    .   (no shield)
rNeg    . . .      Spirit   .   (helmet restricted)
rPois   .          Reflect  .   (no amulet)
rElec   .          Harm     .   (no ring)
rCorr   .          Rampage  .   (no ring)
Will    .....                   (no ring)
Stlth   +++.......              (no ring)
HPRegen 0.03/turn               (no ring)
MPRegen 0.08/turn               (no ring)
                                (no ring)
                                (no ring)

@: no status effects
A: almost no armour, amphibious, 8 rings, camouflage 1, gelatinous body 1,
(nimble swimmer 1), tentacles
a: no special abilities


You were on level 1 of the Dungeon.
You visited 1 branch of the dungeon, and saw 1 of its levels.

Inventory:

Hand Weapons
 c - a +0 dagger (weapon)
Missiles
 a - 61 stones
Potions
 b - a potion of magic


   Skills:
 * Level 2.0 Dodging
 + Level 2.6 Stealth
 * Level 2.1 Spellcasting
 + Level 1.0 Transmutations
 * Level 3.2 Earth Magic
 * Level 0.2 Evocations


You had 3 spell levels left.
You knew the following spells:

 Your Spells              Type           Power      Damage    Failure   Level
a - Sandblast             Erth           24%        2d8       5%          1

Your spell library contained the following spells:

 Spells                   Type           Power      Damage    Failure   Level
 Passwall                 Tmut/Erth      6%         N/A       12%         2
 Stone Arrow              Conj/Erth      14%        3d7       30%         3
 Petrify                  Tmut/Erth      8%         N/A       63%         4


Dungeon Overview and Level Annotations

Branches:
Dungeon (1/15)

Altars:


Innate Abilities, Weirdness & Mutations

You cannot wear most types of armour.
You are amphibious.
You can wear up to eight rings at the same time.
Your skin changes colour to match your surroundings (Stealth+).
Your rubbery body absorbs attacks. (AC +1, EV +1)
((You are camouflaged when in or above water. (Stealth+)))
You have tentacles for arms and can constrict up to eight enemies at once.


Message History

Really attack while wielding nothing? [Y]es or [N]o only, please.
Really attack while wielding nothing? [Y]es or [N]o only, please.
Really attack while wielding nothing?
Okay, then.
c - a +0 dagger (weapon)
You hit the rat. Your grab misses the rat.
The rat is severely wounded.
The rat closely misses you.
You hit the rat.
You kill the rat!
No target in view!
No target in view!
A goblin comes into view. It is wielding a +0 club.
A goblin is nearby!
The goblin shouts!
You barely miss the goblin. You grab the goblin. You constrict the goblin.
The goblin misses you.
A kobold comes into view. It is wielding a +0 club.
The kobold shouts!
You hit the goblin but do no damage.
The goblin is moderately wounded.
You constrict the goblin. The goblin hits you with a +0 club.
You hit the goblin but do no damage. You squeeze the goblin.
You kill the goblin!
You barely miss the kobold. Your grab misses the kobold.
The kobold hits you with a +0 club.
A giant cockroach comes into view.
You hit the kobold but do no damage. You grab the kobold.
You constrict the kobold, but do no damage.
The kobold hits you with a +0 club.
You are too injured to fight recklessly!
You are too injured to fight recklessly!
You are too injured to fight recklessly!
You are too injured to fight recklessly!
You release your grip on the kobold.
The giant cockroach barely misses you. The kobold attacks as you move away!
The kobold hits you with a +0 club.
You die...

..#.#>##..##.# .#
..##.###.....# .# .#####
##†##.# ####.# ## ###>.#
#....# .## #####†##.#
#...?# ..###.##.....#
#)...# ..##>#<#..##.#
#....#
.............####K...#..
####.#####......@B.......
.........#########.####
########### .# .# ##


You could see a giant cockroach and a kobold.

Vanquished Creatures
  2 goblins (D:1)
  4 rats (D:1)
6 creatures vanquished.

Notes
Turn   | Place    | Note
-------+----------+-------------------------------------------
     0 | D:1      | Zdeegee the Octopode Earth Elementalist began the quest for
                  | the Orb.
     0 | D:1      | Reached XP level 1. HP: 11/11 MP: 3/3
   135 | D:1      | Slain by a kobold

Illustrated notes

Levels and vault maps discovered:
D:1:      onia_arrival_handbag, layout_basic

Action                   || total
-------------------------++-------
Melee: Dagger            ||     7
       Unarmed           ||     2
       Constrict         ||     2
       Tentacles         ||     1
 Cast: Sandblast         ||     3
 Stab: Sleeping          ||     1
Dodge: Dodged            ||     3

Table legend: (Time is in decaauts)
 A = Elapsed time spent in this place.
 B = Non-inter-level travel time spent in this place.
 C = Inter-level travel time spent in this place.
 D = Time resting spent in this place.
 E = Time spent auto-exploring this place.
 F = Levels seen in this place.
 G = Mean time per level.
                   A        B        C        D        E       F      G
               +--------+--------+--------+--------+--------+-----+--------+
         Total |    134 |    134 |      0 |      0 |     97 |   1 |  134.0 |
       Dungeon |    134 |    134 |      0 |      0 |     97 |   1 |  134.0 |
               +--------+--------+--------+--------+--------+-----+--------+

Top non-repeatable levels by time:
     D:1: 134 daAuts
